 Dungeon Crawl Stone Soup version 0.13-a0-2485-g242ae62 (webtiles) character file.

150 Kae the Sneak (level 2, -9/13 HPs)
             Began as a Spriggan Enchanter on July 21, 2013.
             Killed from afar by Ijyb (12 damage)
             ... with a wand of frost
             ... on Level 2 of the Dungeon.
             The game lasted 00:02:11 (939 turns).

Kae the Sneak (Spriggan Enchanter)                   Turns: 939, Time: 00:02:11

HP  -9/13        AC  3     Str  4      XL: 2   Next: 86%
MP   4/6         EV 21     Int 16      God:
Gold 125         SH  0     Dex 16      Spells:  2 memorised,  1 level left

Res.Fire  : + . .   See Invis. : +   a - +1 dagger {=f}
Res.Cold  : x . .   Warding    : .   b - +1 robe
Life Prot.: . . .   Conserve   : .   (shield restricted)
Res.Poison: .       Res.Corr.  : .   (helmet restricted)
Res.Elec. : .       Clarity    : .   (no cloak)
Sust.Abil.: . .     Spirit.Shd : .   (gloves unavailable)
Res.Mut.  : .       Stasis     : .   (boots unavailable)
Res.Rott. : .       Flight     : .   (no amulet)
Saprovore : . . .                    m - ring of fire
                                     k - +3 ring of evasion

@: very quick, slightly resistant to hostile enchantments, quite stealthy
A: unfitting armour, see invisible, herbivore 3, speed 3, slow metabolism 2
a: no special abilities


You were on level 2 of the Dungeon.
You were not hungry.

You visited 1 branch of the dungeon, and saw 2 of its levels.

You collected 105 gold pieces.

Inventory:

Hand weapons
 a - a +1,+1 dagger (weapon) {=f}
Missiles
 d - 12 darts (quivered)
Armour
 b - a +1 robe (worn)
Comestibles
 f - a bread ration
Scrolls
 i - a scroll of identify {unknown}
 j - a scroll of random uselessness {unknown}
 l - a scroll of remove curse {unknown}
Jewellery
 k - a +3 ring of evasion (left hand)
 m - a ring of fire (right hand)
Potions
 e - a potion of porridge
 h - a potion of speed {unknown}
Books
 c - a book of Maledictions

   Spells                             Type                      Level
   *Corona                            Hexes                        1
   Sure Blade                         Hexes/Charms                 2
   *Ensorcelled Hibernation           Hexes/Ice                    2
   Confuse                            Hexes                        3
   Enslavement                        Hexes                        4
   Invisibility                       Hexes                        6


   Skills:
 + Level 2.0 Short Blades
 - Level 1.1 Throwing
 - Level 3.0 Dodging
 + Level 4.1 Stealth
 + Level 1.9 Spellcasting
 + Level 3.7 Hexes


You had one spell level left.
You knew the following spells:

 Your Spells              Type           Power        Failure   Level  Hunger
a - Corona                Hex            ##.....      6%          1    #......
b - Ensorcelled Hibernat  Hex/Ice        #.....       17%         2    ###....


Dungeon Overview and Level Annotations

Branches:
Dungeon (2/27)

Altars:
Cheibriados

Annotations
D:2 Ijyb


Innate Abilities, Weirdness & Mutations

You are tiny and cannot use many weapons and most armour.
You have supernaturally acute eyesight.
You are a herbivore.
You cover ground extremely quickly.
You need consume almost no food.


Message History

Ijyb comes into view.
He is wielding a runed elven dagger.
Found a pink potion.
Found an escape hatch in the floor.
You spend a moment contemplating the meaning of life.
Ijyb is nearby!
Ijyb shouts!
Found a murky inky potion.
You see here a scroll labeled JESAVOQ MOACW.
You barely miss Ijyb.
Ijyb zaps a wand.
The puff of frost hits you!
You feel a terrible chill!
Ouch! That really hurt!
* * * LOW HITPOINT WARNING * * *
Casting: Ensorcelled Hibernation
Confirm with . or Enter, or press ? or * to list all spells.
Aiming: Ensorcelled Hibernation
Press: ? - help, Shift-Dir - straight line, f - Ijyb
Aim: Ijyb, wielding a runed elven dagger, wearing an orcish leather armour and carrying a wand of frost {zapped: 1} You feel a numb sensation.
Ijyb resists.
Ijyb zaps a wand.
The puff of frost hits you!
You feel a terrible chill!
Ouch! That really hurt!
You die...

*,*##**##..# *,,,,,,,,,,,*
*,**..,#...# *,,,,,,,,,,,*
*,##,#.#...# *,,,,,,,,,,,*
*,...#.....# *********,***
*......##..# *,,,,
*..........# *****
*......!#.## **...##>#.##
*** *.#,*#..@.# *,,
*,*,*###g.#************,,
*,*,***#....**,,,,,,,**,,
*,*,,,,....##,,8,,,8,,**,
*,*****#.#.#,,,,,,,,,,,*,
*,*****...!#,,,,,8,,,,,*,
*,,,,,,....#,,>,,,,,<,,*,
********#...#,,,,,8,,,,,*,
*,,,,,,,#..,*,,,,,,,,,,,*,


You could see Ijyb.

Vanquished Creatures
  An ooze (D:1)
  3 hobgoblins
  4 jackals
  2 kobolds
  6 bats
  2 giant cockroaches (D:1)
  A giant newt (D:1)
  A goblin (D:1)
  2 rats (D:1)
22 creatures vanquished.

Notes
Turn   | Place    | Note
--------------------------------------------------------------
     0 | D:1      | Kae, the Spriggan Enchanter, began the quest for the Orb.
     0 | D:1      | Reached XP level 1. HP: 9/9 MP: 4/4
   204 | D:1      | Reached XP level 2. HP: 13/13 MP: 6/6
   208 | D:1      | Learned a level 2 spell: Ensorcelled Hibernation
   749 | D:2      | Found a snail-covered altar of Cheibriados.
   763 | D:2      | Reached skill level 4 in Stealth
   932 | D:2      | Noticed Ijyb
   939 | D:2      | Killed from afar by Ijyb

Action                   || total
-------------------------++-------
Melee: Dagger            ||    92
 Cast: Ensorcelled Hiber ||     2
  Use: Scroll            ||     2
 Stab: Sleeping          ||     5
